 Dungeon Crawl Stone Soup version 0.29.0-13-gc9e81de378 (webtiles) character file.

Game seed: 17095927135654189275

2131 SnakkuSnakku7 the Basher (level 9, -6/80 HPs)
             Began as an Ogre Enchanter on Sept 8, 2022.
             Was an Initiate of the Shining One.
             Engulfed by a cloud of flame (22 damage)
             ... on level 7 of the Dungeon.
             The game lasted 00:12:06 (8968 turns).

SnakkuSnakku7 the Basher (Ogre Enchanter)           Turns: 8968, Time: 00:12:06

Health: -6/80      AC:  6    Str: 16    XL:     9   Next: 30%
Magic:  12/12      EV: 10    Int: 16    God:    the Shining One [......]
Gold:   316        SH:  0    Dex: 17    Spells: 12/12 levels left

rFire   . . .      SeeInvis .   a - +1 flail (protect)
rCold   . . .      Faith    .   (no shield)
rNeg    . . .      Spirit   .   E - +0 steam dragon scales
rPois   .          Reflect  .   (helmet restricted)
rElec   .          Harm     .   (no cloak)
rCorr   +          Rampage  .   (gloves unavailable)
Will    .....                   (boots unavailable)
Stlth   +.........              (no amulet)
HPRegen 0.23/turn               g - ring of resist corrosion
MPRegen 0.13/turn               n - +6 ring of dexterity

@: glowing
A: large, unfitting armour, tough skin 1
a: Renounce Religion


You were on level 7 of the Dungeon.
You worshipped the Shining One.
The Shining One was noncommittal.
You visited 2 branches of the dungeon, and saw 8 of its levels.

You collected 456 gold pieces.
You spent 140 gold pieces at shops.

Inventory:

Hand Weapons
 a - a +1 flail of protection (weapon)
 d - a +1 dagger
 w - a +0 flail
 x - a +0 giant club
Missiles
 H - 4 poisoned darts (quivered)
Armour
 b - a +0 robe
 E - +0 steam dragon scales (worn)
Jewellery
 g - a ring of resist corrosion (left hand)
 n - a +6 ring of dexterity (right hand)
 z - a ring of fire
 B - a ring of willpower
 C - an amulet of magic regeneration
Wands
 k - a wand of iceblast (6)
 s - a wand of acid (6)
 u - a wand of polymorph (9)
Scrolls
 h - 5 scrolls of butterflies {unknown}
 i - 3 scrolls of fear {unknown}
 j - 2 scrolls of teleportation {unknown}
 l - a scroll of blinking {unknown}
 m - 2 scrolls of immolation {unknown}
 o - 8 scrolls of identify {unknown}
 t - a scroll of vulnerability {unknown}
 v - 3 scrolls of magic mapping {unknown}
 y - a scroll of enchant armour {unknown}
 A - a scroll of poison {unknown}
 I - a scroll of noise {unknown}
Potions
 e - 7 potions of curing {unknown}
 f - 2 potions of might {unknown}
 p - 5 potions of lignification {unknown}
 q - 2 potions of brilliance {unknown}
 r - 3 potions of haste
 D - 3 potions of heal wounds {unknown}
 F - a potion of degeneration {unknown}
 G - a potion of mutation {unknown}


   Skills:
 - Level 2.7 Fighting
 - Level 0.8 Short Blades
 + Level 10.0 Maces & Flails
 - Level 4.0 Throwing
 - Level 1.7 Dodging
 - Level 2.1 Stealth
 - Level 2.4 Spellcasting
 - Level 2.6 Hexes


You had 12 spell levels left.
You didn't know any spells.
Your spell library contained the following spells:

 Spells                   Type           Power      Damage    Failure   Level
 Ensorcelled Hibernation  Hex/Ice        12%        N/A       17%         2
 Shock                    Conj/Air       4%         1d3       21%         1
 Confusing Touch          Hex            10%        N/A       21%         3
 Tukima's Dance           Hex            10%        N/A       21%         3
 Dazzling Flash           Conj/Hex       12%        N/A       34%         3
 Stone Arrow              Conj/Erth      2%         3d7       52%         3
 Swiftness                Air            1%         N/A       52%         3
 Airstrike                Air            0%         2d(1-17)  89%         4
 Animate Armour           Summ/Erth      2%         N/A       89%         4
 Blade Hands              Tmut           0%         N/A       99%         5
 Iron Shot                Conj/Erth      0%         9d1       100%        6
 Lehudib's Crystal Spear  Conj/Erth      0%         10d2      100%        8


Dungeon Overview and Level Annotations

Branches:
Dungeon (7/15)             Temple (1/1) D:7

Altars:
Ashenzari
Dithmenos
Gozag
Hepliaklqana
Kikubaaqudgha
Okawaru
Qazlal
Sif Muna
Wu Jian
Yredelemnul
The Shining One

Shops:
D:6 *

Annotations:
D:3 Grinder, Ijyb
D:5 3 runed translucent doors, nickcage's ghost, novice MfGl


Innate Abilities, Weirdness & Mutations

You are too large for most types of armour.
You have tough skin. (AC +1)


Message History

You closely miss the gnoll.
The gnoll is severely wounded.
The gnoll hits you but does no damage.
You thump the gnoll!
You kill the gnoll!
Things that are here:
a +0 club; a +0 spear; a gnoll corpse A gnoll comes into view.
It is wielding a +0 spear.
The gnoll shouts!
The gnoll hits you from afar with a +0 spear.
Okay, then.
The gnoll hits you but does no damage.
Unknown command.
The gnoll closely misses you.
You hit the gnoll.
The gnoll is lightly wounded.
The gnoll hits you but does no damage.
You thump the gnoll!
The gnoll is almost dead.
The gnoll misses you.
You sock the gnoll!
You kill the gnoll!
You see here a +0 spear.
You drop 2 potions of invisibility.
You see here a +0 spear.
o - 8 scrolls labelled LAIPOKKEIMA (gained 2)
You open the door.
Found a stone staircase leading down.
There is an open door here.
Really walk into a travel-excluded area?
You are engulfed in blazing flames.
You see here a poisoned dart.
H - 3 poisoned darts (gained 1)
You are engulfed in blazing flames.
You are engulfed in blazing flames.
* * * LOW HITPOINT WARNING * * *
You see here a poisoned dart.
H - 4 poisoned darts (gained 1)
You are engulfed in blazing flames.
You die...

...............#..# #####.#
.○.............#..# #......
..°............#..# #.###.#
...............#..# #.# #.#
...............#..###.# #..
.○.............#...##.# ###
...............#....#.####.
............(..#...........
...○......@....#...........
..........○○.°.#.....####..
...○...........#....## ##.
...○...........#...## ##
.°.............#..## #
○...........°○.#'## #
######8.8#######.# #
#.#........# #.# #
#.#.######.###.## #


There were no monsters in sight!

Vanquished Creatures
  A two-headed ogre (D:7)
  A steam dragon (D:6)
  A water moccasin (D:7)
  A sky beast (D:7)
  Duvessa (D:6)
  A black bear (D:6)
  An ice beast (D:6)
  A phantom (D:5)
  Blork the orc (D:5)
  A bullfrog (D:7)
  A necrophage (D:4)
  2 scorpions
  Dowan (D:6)
  A howler monkey (D:7)
  An orc priest (D:6)
  5 hounds
  2 gnoll boudas
  6 iguanas
  4 orc wizards
  10 gnolls
  8 adders
  An ufetubus (D:5)
  A worm (D:2)
  A dart slug (D:5)
  10 orcs
  8 endoplasms
  3 goblins
  5 hobgoblins
  6 jackals
  8 kobolds
  2 quokkas
  5 ball pythons
  8 bats
  3 frilled lizards
  9 rats
121 creatures vanquished.

Notes
Turn   | Place    | Note
-------+----------+-------------------------------------------
     0 | D:1      | SnakkuSnakku7 the Ogre Enchanter began the quest for the
                  | Orb.
     0 | D:1      | Reached XP level 1. HP: 16/16 MP: 3/3
    40 | D:1      | Reached skill level 1 in Fighting
   133 | D:1      | Reached XP level 2. HP: 12/29 MP: 5/5
   544 | D:1      | Reached skill level 1 in Maces & Flails
   603 | D:1      | Reached XP level 3. HP: 36/36 MP: 6/6
   948 | D:1      | Found a faded altar of an unknown god.
  1333 | D:2      | Reached skill level 2 in Maces & Flails
  1409 | D:2      | Reached XP level 4. HP: 38/44 MP: 7/7
  2275 | D:3      | Noticed Grinder
  2327 | D:3      | Noticed Ijyb
  2419 | D:3      | Reached skill level 3 in Maces & Flails
  2699 | D:4      | Noticed a necrophage
  2717 | D:4      | Killed a necrophage
  2718 | D:4      | Reached XP level 5. HP: 23/49 MP: 8/8
  2874 | D:4      | Reached skill level 4 in Maces & Flails
  3463 | D:4      | Reached XP level 6. HP: 51/59 MP: 9/9
  3634 | D:4      | Found an ornate altar of the Wu Jian Council.
  3740 | D:4      | Found an opulent altar of Gozag.
  3762 | D:5      | Entered Level 5 of the Dungeon
  3800 | D:4      | Reached skill level 5 in Maces & Flails
  4439 | D:5      | Noticed nickcage's ghost (novice MfGl)
  4440 | D:5      | Noticed an ice beast
  4450 | D:5      | Identified the +1 ring mail "Romus" {rElec rF+}
  4518 | D:5      | Noticed Blork the orc
  4531 | D:5      | HP: 1/59 [Blork the orc/+0 war axe (12)]
  4532 | D:5      | Killed Blork the orc
  4861 | D:5      | Reached skill level 6 in Maces & Flails
  4861 | D:5      | Reached XP level 7. HP: 56/66 MP: 10/10
  5629 | D:5      | Found a runed translucent gate.
  5630 | D:5      | Found a runed translucent gate.
  5632 | D:5      | Found a runed translucent gate.
  5972 | D:5      | Reached skill level 1 in Throwing
  6667 | D:6      | Reached skill level 7 in Maces & Flails
  6737 | D:6      | Noticed Duvessa
  6745 | D:6      | Noticed Dowan
  6749 | D:6      | Killed Dowan
  6750 | D:6      | Reached XP level 8. HP: 47/74 MP: 11/11
  6752 | D:6      | Killed Duvessa
  6913 | D:6      | Found Ithrut's General Store.
  6947 | D:6      | Bought a potion of haste for 140 gold pieces
  7223 | D:6      | Reached skill level 8 in Maces & Flails
  7537 | D:6      | Identified the +4 ring mail of Doarraen {+Blink Fly rF-
                  | SInv}
  7799 | D:7      | Noticed a two-headed ogre
  7903 | D:7      | Found an iron altar of Okawaru.
  7903 | D:7      | Found a basalt altar of Yredelemnul.
  7903 | D:7      | Found a broken altar of Ashenzari.
  7981 | D:7      | Reached skill level 9 in Maces & Flails
  7990 | D:7      | Reached XP level 9. HP: 9/80 MP: 12/12
  8438 | D:7      | Killed a two-headed ogre
  8457 | D:7      | Found a staircase to the Ecumenical Temple.
  8683 | Temple   | Entered the Ecumenical Temple
  8704 | Temple   | Became a worshipper of the Shining One
  8862 | D:7      | Reached skill level 10 in Maces & Flails
  8968 | D:7      | Engulfed by a cloud of flame

Illustrated notes

Levels and vault maps discovered:
D:1:      arrival_zaba_pyramid, layout_basic,
          shapermc_ecumenical_altar_flowoftime
D:2:      layout_basic, chequers_mini_garden, roderic_serpentine_path
D:3:      layout_rooms, minmay_misc_feat_alley, uniq_grinder, uniq_ijyb
D:4:      layout_loops_ring, mainiacjoe_overflow_alcove_2,
          nicolae_wu_jian_wuxing_cycle
D:5:      layout_layer_cave, gammafunk_ghost_icy, uniq_blork_the_orc
D:6:      layout_loops_cross, serial_shops, shop, uniq_duvessa
D:7:      layout_loops_corners, chequers_temple_overflow_statue_of_worship,
          lemuel_temple_firewalk_b
Temple:   nicolae_temple_bog_church

Skill      XL: |  1  2  3  4  5  6  7  8  9 |
---------------+----------------------------+-----
Fighting       | 2 |  2.7
Maces & Flails | 1 2 3 4 6 7 9 10 | 10.0
Throwing       | 2 4 |  4.0
Short Blades   | |  0.8
Dodging        | |  1.7
Stealth        | |  2.1
Spellcasting   | |  2.4
Hexes          | |  2.6

Action                   |  1- 3 |  4- 6 |  7- 9 || total
-------------------------+-------+-------+-------++-------
Melee: Dagger            |    32 |       |       ||    32
       Flail             |    86 |   208 |   228 ||   522
       Punch             |     1 |     3 |     4 ||     8
Throw: Dart              |       |       |     6 ||     6
Evoke: Wand              |       |     3 |     9 ||    12
  Use: Potion            |     1 |       |     1 ||     2
 Stab: Invisible         |     2 |       |       ||     2
       Sleeping          |     1 |     6 |     5 ||    12
Armor: Robe              |    57 |    76 |    49 ||   182
       Steam dragon scal |       |       |    66 ||    66
Dodge: Dodged            |    66 |   155 |   102 ||   323
